 Dungeon Crawl Stone Soup version 0.19.5 (webtiles) character file.

11626 mike2R the Geomancer (level 11, -4/66 HPs)
             Began as a Gargoyle Earth Elementalist on Apr 23, 2017.
             Was a Priest of Vehumet.
             Killed from afar by a hell hound (9 damage)
             ... with a blast of flame
             ... on level 10 of the Dungeon on Apr 24, 2017.
             The game lasted 01:46:17 (11385 turns).

mike2R the Geomancer (Gargoyle Earth Elementalist) Turns: 11385, Time: 01:46:18

Health: -4/66      AC: 22    Str: 15    XL:     11   Next: 80%
Magic:  3/20       EV:  9    Int: 18    God:    Vehumet [***...]
Gold:   438        SH: 10    Dex: 10    Spells: 4 memorised, 11 levels left

rFire  + . .     SeeInvis .     a - +2 flail of Ylauf {flame, Str+2 Stlth+}
rCold  + . .     Gourm    .     t - +2 ring mail {MR+}
rNeg   + . .     Faith    +     j - +0 shield
rPois  ∞         Spirit   .     (no helmet)
rElec  +         Reflect  .     V - +0 cloak
rCorr  +         Harm     .     q - +0 pair of gloves
MR     +....                    x - +0 pair of boots
Stlth  ++........               Y - amulet of faith
                                H - +3 ring of protection
                                (no ring)

@: resistant
A: negative energy resistance 1, electricity resistance, unbreathing,
petrification resistance, rot immunity, AC +7
a: Renounce Religion


You were on level 10 of the Dungeon.
You worshipped Vehumet.
Vehumet was most pleased with you.
You were near starving.

You visited 2 branches of the dungeon, and saw 12 of its levels.
You also visited: Sewer.

You collected 438 gold pieces.

Inventory:

Hand Weapons
 a - the +2 flail of Ylauf (weapon) {flame, Str+2 Stlth+}
   (You found it on level 7 of the Dungeon)

   It has been specially enchanted to burn those struck by it, causing extra
   injury to most foes and up to half again as much damage against particularly
   susceptible opponents.
   It affects your strength (+2).
   It makes you more stealthy.
Missiles
 b - 110 stones (quivered)
Armour
 j - a +0 shield (worn)
 q - a +0 pair of gloves (worn)
 t - a +2 ring mail of magic resistance (worn)
 x - a +0 pair of boots (worn)
 V - a +0 cloak (worn)
Jewellery
 f - a +3 amulet of reflection
 v - an uncursed ring of see invisible {unknown}
 C - an uncursed amulet of magic regeneration
 H - a +3 ring of protection (right hand)
 Y - an amulet of faith (around neck)
Wands
 y - a wand of confusion (23/48)
 F - a wand of enslavement (7/24)
 Q - a wand of flame (19/48)
 T - a wand of flame (31/48)
 U - a wand of acid (0/15)
Scrolls
 g - a scroll of remove curse
 h - a scroll of amnesia
 l - a scroll of recharging
 m - a scroll of holy word {unknown}
 n - 2 scrolls of fog {unknown}
 p - 3 scrolls of fear
 s - a scroll of torment {unknown}
 D - a scroll of enchant weapon {unknown}
 G - a scroll of enchant armour {unknown}
 O - 3 scrolls of magic mapping {unknown}
 W - 2 scrolls of immolation {unknown}
Potions
 c - a potion of mutation {unknown}
 i - a potion of agility {unknown}
 r - a potion of cancellation
 A - 2 potions of flight
 I - a potion of might {unknown}
 J - a potion of resistance
 K - a potion of heal wounds {unknown}
 X - a potion of berserk rage {unknown}
Books
 e - a book of Geomancy

   Spells                             Type                      Level
   a - Sandblast                      Earth                        1
   b - Passwall                       Transmutation/Earth          2
   c - Stone Arrow                    Conjuration/Earth            3
   d - Petrify                        Transmutation/Earth          4
   e - Lee's Rapid Deconstruction     Earth                        5
Comestibles
 d - 11 bread rations
 k - a slice of pizza
 B - 7 beef jerkies
 E - 3 fruits
 Z - 3 meat rations


   Skills:
 - Level 6.4 Fighting
   Level 3.0 Short Blades
 + Level 7.0 Maces & Flails
 - Level 6.0 Armour
 - Level 1.5 Dodging
 - Level 2.1 Stealth
 + Level 6.8 Shields
 - Level 6.0 Spellcasting
 - Level 6.0 Conjurations
   Level 0.7 Transmutations
 - Level 2.0 Fire Magic
 - Level 12.0 Earth Magic


You had 11 spell levels left.
You knew the following spells:

 Your Spells              Type           Power        Failure   Level  Hunger
a - Sandblast             Erth           #####.       1%          1    None
b - Stone Arrow           Conj/Erth      #####.       1%          3    ##.....
c - Lee's Rapid Deconstr  Erth           #####.....   4%          5    #####..
d - Throw Flame           Conj/Fire      ###...       5%          2    None


Dungeon Overview and Level Annotations

Branches:
Dungeon (11/15)            Temple (1/1) D:6
   Lair: D:8-11         Orc: D:9-12

Altars:
Ashenzari
Cheibriados
Dithmenos
Elyvilon
Fedhas
Gozag
Hepliaklqana
Kikubaaqudgha
Makhleb
Nemelex Xobeh
Okawaru
Qazlal
Ru
Sif Muna
Trog
Uskayaw
Vehumet
Xom
Yredelemnul
Zin
The Shining One

Annotations:
D:11 Sonja


Innate Abilities, Weirdness & Mutations

You are resistant to torment.
Your stone body is resilient. (AC +7)
You are immune to poison.
You resist negative energy. (rN+)
You are resistant to electric shocks. (rElec)
You can survive without breathing.
You are immune to petrification.
You are immune to rotting.


Message History

You block the hell hound's attack.
The hell hound bites you but does no damage.
Okay, then.
You feel better. The hell hound breathes flames at you.
The blast of flame hits you! You resist.
* * * LOW HITPOINT WARNING * * *
The hell hound bites you but does no damage.
You hit the hell hound.
The hell hound is severely wounded.
You block the hell hound's attack.
You closely miss the hell hound.
The hell hound is severely wounded.
The hell hound bites you.
* * * LOW HITPOINT WARNING * * *
The hell hound bites you.
* * * LOW HITPOINT WARNING * * *
The hell hound breathes flames at you. The blast of flame hits you! You resist.
You die...

#.### ######'## #...... #...##
#####.# #...... ###..# #.....#
####'#### ####'## #.##### #....#
.>....# #.# ##'#######
......#######'####### #.........
..........##........####.........
......###...........#..'.........
......# ####...h@.<.'.##.........
......# #........####.........
....>.# ###'###### ###'######
#'##### #..# #.### #.## #.##
#...# #..### #.# ###.# ##...# #.#
##'#### ####'##### #.# ###.....#
.........####'####### #.'.###.#


You could see a hell hound.

Vanquished Creatures
  Harold (D:10)
  The ghost of miragecloak the Grappler, a novice NaTm of Cheibriados (D:9)
  Nergalle (D:11)
  2 hill giants
  2 ugly things (D:11)
  Prince Ribbit (D:6)
  2 hornets
  A troll (D:10)
  A two-headed ogre (D:8)
  2 hippogriffs
  Sigmund (D:6)
  8 yaks
  A hornet zombie (D:9)
  2 black bears (D:8)
  4 sky beasts
  An ice beast (D:6)
  2 phantoms
  6 ogres
  8 centaurs
  A big kobold (Sewer)
  4 bullfrogs
  A wyvern zombie (D:10)
  A wyvern skeleton (D:10)
  2 scorpions
  10 wights
  4 crimson imps
  5 howler monkeys
  2 centaur zombies
  Crazy Yiuf (D:6)
  4 hounds
  2 centaur skeletons
  2 orc priests (D:8)
  7 orc wizards
  3 bullfrog skeletons
  5 iguanas
  8 worker ants
  A killer bee zombie (D:9)
  A howler monkey zombie (D:10)
  A howler monkey skeleton (D:9)
  5 adders
  8 gnolls
  4 river rats
  2 shadow imps
  2 adder skeletons
  2 worms (D:3)
  3 dart slugs
  3 leopard geckos
  24 orcs
  9 giant cockroaches
  8 goblins
  6 hobgoblins
  11 jackals
  A ball python (D:1)
  10 bats
  2 frilled lizards (D:1)
  13 kobolds
  10 rats
  A spectral orc (D:5)
236 creatures vanquished.

Vanquished Creatures (collateral kills)
  A hippogriff (D:11)
  A shadow imp (D:11)
2 creatures vanquished.

Vanquished Creatures (others)
  An unseen horror (D:11)
1 creature vanquished.

Grand Total: 239 creatures vanquished

Notes
Turn   | Place    | Note
-------+----------+-------------------------------------------
     0 | D:1      | mike2R the Gargoyle Earth Elementalist began the quest for the Orb.
     0 | D:1      | Reached XP level 1. HP: 10/10 MP: 3/3
   122 | D:1      | Reached skill level 4 in Earth Magic
   196 | D:1      | Reached XP level 2. HP: 15/15 MP: 3/5
   791 | D:1      | Reached XP level 3. HP: 18/19 MP: 0/6
   796 | D:1      | Learned a level 3 spell: Stone Arrow
  1435 | D:2      | Reached skill level 5 in Earth Magic
  1606 | D:2      | Reached XP level 4. HP: 22/24 MP: 2/7
  2133 | D:3      | Reached skill level 6 in Earth Magic
  2133 | D:3      | Reached XP level 5. HP: 19/28 MP: 2/9
  2140 | D:3      | Learned a level 5 spell: Lee's Rapid Deconstruction
  3349 | D:4      | Found a snail-covered altar of Cheibriados.
  3546 | D:4      | Reached skill level 7 in Earth Magic
  3546 | D:4      | Reached XP level 6. HP: 32/32 MP: 6/11
  4129 | D:5      | Entered Level 5 of the Dungeon
  4214 | D:5      | Found an iron altar of Okawaru.
  4260 | D:5      | Reached XP level 7. HP: 34/36 MP: 6/13
  4421 | D:5      | Reached skill level 8 in Earth Magic
  4549 | D:5      | Reached skill level 1 in Armour
  4683 | D:5      | Reached skill level 1 in Fighting
  4720 | D:5      | Reached skill level 1 in Conjurations
  4909 | D:5      | Found a basalt altar of Yredelemnul.
  4933 | D:5      | Found a deep blue altar of Sif Muna.
  5108 | D:5      | You fall through a shaft for 3 floors!
  5342 | D:8      | Reached XP level 8. HP: 44/44 MP: 0/14
  5606 | D:6      | Found a glowing drain.
  5609 | D:6      | Reached skill level 9 in Earth Magic
  5627 | Sewer    | Entered a sewer
  5844 | Sewer    | Found a white marble altar of Elyvilon.
  5952 | D:6      | Reached skill level 1 in Short Blades
  6015 | D:6      | Found a staircase to the Ecumenical Temple.
  6029 | Temple   | Entered the Ecumenical Temple
  6128 | Temple   | Became a worshipper of Vehumet
  6203 | D:6      | Noticed Prince Ribbit
  6206 | D:6      | Killed Prince Ribbit
  6347 | D:6      | Found a runed door.
  6351 | D:6      | Noticed Crazy Yiuf
  6353 | D:6      | Killed Crazy Yiuf
  6497 | D:6      | Noticed Sigmund
  6526 | D:6      | Killed Sigmund
  6526 | D:6      | Reached skill level 5 in Spellcasting
  6526 | D:6      | Reached XP level 9. HP: 52/52 MP: 2/16
  6991 | D:7      | Found an opulent altar of Gozag.
  6995 | D:7      | Found a hazy altar of Hepliaklqana.
  6995 | D:7      | Found a glowing silver altar of Zin.
  7005 | D:7      | Reached skill level 10 in Earth Magic
  7094 | D:7      | Got an encrusted flail
  7707 | D:8      | Noticed a two-headed ogre
  7819 | D:8      | Killed a two-headed ogre
  7819 | D:8      | Reached * piety under Vehumet
  7819 | D:8      | Offered knowledge of Magic Dart by Vehumet.
  8027 | D:8      | Noticed a hill giant
  8039 | D:8      | Killed a hill giant
  8039 | D:8      | Reached skill level 5 in Fighting
  8039 | D:8      | Reached skill level 1 in Maces & Flails
  8039 | D:8      | Reached skill level 11 in Earth Magic
  8039 | D:8      | Reached XP level 10. HP: 59/59 MP: 5/18
  8561 | D:9      | Reached skill level 5 in Armour
  8638 | D:9      | Reached skill level 5 in Conjurations
  8696 | D:9      | Noticed miragecloak's ghost (novice NaTm)
  8704 | D:9      | Killed miragecloak's ghost
  8791 | D:9      | Offered knowledge of Sting by Vehumet.
  8849 | D:9      | Reached ** piety under Vehumet
  8978 | D:9      | Identified the +2 flail of Ylauf {flame, Str+2 Stlth+} (You found it on level 7 of the Dungeon)
  9453 | D:10     | Entered Level 10 of the Dungeon
  9456 | D:10     | Reached skill level 1 in Shields
  9575 | D:10     | Reached XP level 11. HP: 35/66 MP: 18/20
  9762 | D:10     | Noticed a hill giant
  9775 | D:10     | Killed a hill giant
  9775 | D:10     | Reached skill level 5 in Maces & Flails
 10099 | D:10     | Offered knowledge of Throw Flame by Vehumet.
 10103 | D:10     | Learned a level 2 spell: Throw Flame
 10131 | D:10     | Noticed Harold
 10138 | D:10     | Killed Harold
 10138 | D:10     | Reached skill level 1 in Fire Magic
 10813 | D:11     | Noticed a green ugly thing
 10833 | D:10     | Reached skill level 12 in Earth Magic
 10985 | D:11     | Reached *** piety under Vehumet
 10985 | D:11     | Reached skill level 5 in Shields
 11014 | D:11     | Killed a green ugly thing
 11218 | D:11     | Noticed a red ugly thing
 11219 | D:11     | Noticed Nergalle
 11226 | D:11     | Killed a red ugly thing
 11236 | D:11     | Killed Nergalle
 11312 | D:11     | Noticed Sonja
 11315 | D:11     | Killed an unseen horror
 11385 | D:10     | Killed from afar by a hell hound

Skill      XL: |  1  2  3  4  5  6  7  8  9 10 11 |
---------------+----------------------------------+-----
Earth Magic    | 4 5 6 7 8 9 11 12 | 12.0
Spellcasting   | 3 4 5 6 |  6.0
Armour         | 2 3 4 6 |  6.0
Fighting       | 2 3 5 6 |  6.4
Conjurations   | 1 3 4 6 |  6.0
Short Blades   | 1 3 |  3.0
Maces & Flails | 1 4 7 |  7.0
Shields        | 2 6 |  6.8
Fire Magic     | 2 |  2.0
Dodging        | |  1.5
Stealth        | |  2.1
Transmutations | |  0.7

Action                   |  1- 3 |  4- 6 |  7- 9 | 10-12 || total
-------------------------+-------+-------+-------+-------++-------
Melee: Unarmed           |     8 |       |       |       ||     8
       Short sword       |       |       |    21 |    16 ||    37
       Flail             |       |       |       |   122 ||   122
 Cast: Sandblast         |    62 |    95 |   120 |    45 ||   322
       Stone Arrow       |       |     8 |    27 |    45 ||    80
       Lee's Rapid Decon |       |       |    11 |    23 ||    34
       Throw Flame       |       |       |       |     1 ||     1
Evoke: Wand              |       |       |       |     9 ||     9
  Use: Scroll            |       |     2 |     8 |     4 ||    14
       Potion            |       |     1 |     2 |     4 ||     7
  Eat: Chunk             |     3 |     9 |    17 |    19 ||    48
       Fruit             |       |       |     1 |       ||     1
Armor: Robe              |    38 |    10 |     2 |       ||    50
       Leather armour    |       |       |    30 |       ||    30
       Scale mail        |       |       |     5 |    15 ||    20
       Ring mail         |       |       |       |   130 ||   130
Dodge: Dodged            |    54 |    21 |    52 |    70 ||   197
Block: Other             |     2 |     1 |       |       ||     3
       Shield            |       |       |       |    33 ||    33
